 Dungeon Crawl Stone Soup version 0.28.0 (webtiles) character file.

Game seed: 11549015628102904601

7 AmazingTV the Sneak (level 1, -1/10 HPs)
             Began as a Spriggan Brigand on June 27, 2022.
             Slain by a hobgoblin (2 damage)
             ... on level 1 of the Dungeon.
             The game lasted 00:00:37 (73 turns).

AmazingTV the Sneak (Spriggan Brigand)                Turns: 73, Time: 00:00:38

Health: -1/10      AC:  3    Str:  7    XL:     1   Next: 83%
Magic:  2/2        EV: 16    Int: 12    God:
Gold:   0          SH:  5    Dex: 16    Spells: 0/0 levels left

rFire   . . .      SeeInvis +   a - +2 dagger
rCold   . . .      Faith    .   (no shield)
rNeg    . . .      Spirit   .   b - +0 robe
rPois   .          Reflect  +   (helmet restricted)
rElec   .          Harm     .   c - +0 cloak
rCorr   .          Rampage  .   (gloves unavailable)
Will    .....                   (boots unavailable)
Stlth   +++.......              f - amulet of reflection
HPRegen 0.03/turn               (no ring)
MPRegen 0.08/turn               (no ring)

@: very quick
A: very small, no large weapons, unfitting armour, see invisible, speed 3
a: no special abilities


You were on level 1 of the Dungeon.
You visited 1 branch of the dungeon, and saw 1 of its levels.

Inventory:

Hand Weapons
 a - a +2 dagger (weapon)
Missiles
 d - 8 poisoned darts (quivered)
 e - 2 curare-tipped darts
Armour
 b - a +0 robe (worn)
 c - a +0 cloak (worn)
Jewellery
 f - an amulet of reflection (around neck)


   Skills:
 - Level 1.5 Fighting
 + Level 2.3 Short Blades
 + Level 0.6(1.6) Slings
 - Level 2.0 Throwing
 + Level 1.8 Dodging
 + Level 6.0 Stealth


You couldn't memorise any spells.
You didn't know any spells.
Your spell library was empty.

Dungeon Overview and Level Annotations

Branches:
Dungeon (1/15)

Altars:


Innate Abilities, Weirdness & Mutations

You are very small and have problems with some larger weapons.
You are too small for most types of armour.
You have supernaturally acute eyesight. (SInv)
You cover ground extremely quickly. (Speed+++)


Message History

You miss the bat.
The bat is heavily wounded.
The bat hits you but does no damage. The bat hits you.
You see here a +0 ring mail.
You closely miss the bat. Your punch misses the bat.
The bat is heavily wounded.
You block the bat's attack. The kobold barely misses you.
The bat hits you but does no damage.
You miss the bat.
The bat is heavily wounded.
The bat hits you. The kobold closely misses you.
You hit the kobold.
You kill the kobold!
The bat closely misses you.
You hit the hobgoblin but do no damage.
The hobgoblin is moderately wounded.
The hobgoblin hits you.
* * * LOW HITPOINT WARNING * * *
You are too injured to fight recklessly!
You barely miss the hobgoblin.
The hobgoblin is moderately wounded.
The hobgoblin barely misses you.
You hit the hobgoblin.
You kill the hobgoblin!
The bat hits you but does no damage.
You hit the bat.
You kill the bat!
Your Stealth skill increases to level 6!
You hit the endoplasm.
The endoplasm is lightly wounded.
The endoplasm misses you.
You hit the endoplasm.
The endoplasm is almost dead.
The endoplasm hits you.
* * * LOW HITPOINT WARNING * * *
You hit the endoplasm.
You kill the endoplasm!
The hobgoblin hits you.
You die...

........# #..# #####+##
........# #..####.......
........# ##..##...⌠.....
....>.... .#..#..⌠...#'#.
........###.#..'.....##<##
...$....#...#..'.....##>##
........)g..#..#......#+#.
........#g#.#..##.........
........#@#.#..####.......
........#.#....########'##
#########.#.#.............
#.#...............
#.#...............
#.#.############## #)..#
#####


You could see 2 hobgoblins.

Vanquished Creatures
  A bat (D:1)
  An endoplasm (D:1)
  A goblin (D:1)
  A hobgoblin (D:1)
  A kobold (D:1)
  A rat (D:1)
6 creatures vanquished.

Notes
Turn   | Place    | Note
-------+----------+-------------------------------------------
     0 | D:1      | AmazingTV the Spriggan Brigand began the quest for the Orb.
     0 | D:1      | Reached XP level 1. HP: 10/10 MP: 2/2
    69 | D:1      | Reached skill level 6 in Stealth
    73 | D:1      | Slain by a hobgoblin

Illustrated notes

Levels and vault maps discovered:
D:1:      dpeg_arrival_refuge, layout_basic, lemuel_old_faithful

Skill      XL: |  1 |
---------------+----+-----
Stealth        | 6 |  6.0
Fighting       | |  1.5
Short Blades   | |  2.3
Slings         | |  0.6
Throwing       | |  2.0
Dodging        | |  1.8

Action                   || total
-------------------------++-------
Melee: Dagger            ||    20
 Stab: Sleeping          ||     1
Armor: Robe              ||     4
Dodge: Dodged            ||    15
Block: Other             ||     1
